 Dungeon Crawl Stone Soup version 0.30.0-29-ga12c61a403 (webtiles) character file.

Game seed: 14790698809387428515

3862 Graphine the Fiendish (level 9, -1/82 (84) HPs)
             Began as an Armataur Fighter on June 22, 2023.
             Was a Priest of Makhleb.
             Slain by a troll (10 damage)
             ... on level 7 of the Dungeon.
             The game lasted 00:10:12 (6264 turns).

Graphine the Fiendish (Armataur Fighter)            Turns: 6264, Time: 00:10:13

HP:   -1/82 (84)    AC:  9    Str: 26    XL:     9   Next: 99%
MP:   16/16         EV:  8    Int:  8    God:    Makhleb [***...]
Gold: 110           SH:  5    Dex: 10    Spells: 8/8 levels left

rFire   + . .        a - +0 flail
rCold   . . .        c - +0 buckler
rNeg    . . .        b - +0 scale mail
rPois   +            (no helmet)
rElec   .            (no cloak)
rCorr   .            g - +0 pair of gloves
SInv    .            (no barding)
Will    .....        (no amulet) Stlth
                     j - ring of poison resistance
HPRegen 0.33/turn    o - ring of protection from fire
MPRegen 0.15/turn

%: roll
@: studying 2 skills, lightly drained
A: large, rugged brown scales 3, deformed body, armoured tail, roll, long
tongue, awkward tongue
a: Renounce Religion, Minor Destruction, Lesser Servant of Makhleb


You were on level 7 of the Dungeon.
You worshipped Makhleb.
Makhleb was most pleased with you.
You visited 1 branch of the dungeon, and saw 7 of its levels.

You collected 299 gold pieces.
You spent 189 gold pieces at shops.

Inventory:

Hand Weapons
 a - a +0 flail (weapon)
 m - the +2 sling of the Stoat {heavy, rF+ rN+ Stlth-}
   (You found it on level 3 of the Dungeon)

   rF:        It protects you from fire.
   rN:        It protects you from negative energy.
   Stlth:     It makes you less stealthy.
 t - the +6 dire flail of Articulation {antimagic, rF+}
   (You bought it in a shop on level 1 of the Dungeon)

   rF:        It protects you from fire.
Armour
 b - a +0 scale mail (worn)
 c - a +0 buckler (worn)
 g - a +0 pair of gloves (worn)
Jewellery
 i - an amulet of faith
 j - a ring of poison resistance (left hand)
 k - a ring of resist corrosion
 l - a ring of wizardry
 o - a ring of protection from fire (right hand)
Wands
 u - a wand of charming (8)
 A - a wand of roots (20)
Scrolls
 e - 2 scrolls of blinking
 f - 3 scrolls of identify
 q - 4 scrolls of teleportation
 s - a scroll of fog
 v - 2 scrolls of butterflies
 w - a scroll of poison
 x - a scroll of amnesia
 y - a scroll of fear {unknown}
Potions
 d - a potion of might
 h - a potion of mutation
 n - a potion of invisibility
 p - 4 potions of brilliance
 r - a potion of haste
 z - 2 potions of resistance


   Skills:
 + Level 7.1 Fighting
 + Level 7.0 Maces & Flails
 + Level 9.2 Armour
 + Level 8.5 Shields
 + Level 10.0 Invocations
 + Level 7.4 Evocations


You had 8 spell levels left.
You didn't know any spells.
Your spell library contained the following spells:

 Spells                   Type           Power      Damage    Failure   Level
 Magic Dart               Conj           0%         1d3       69%         1
 Call Imp                 Summ           0%         N/A       83%         2
 Cigotuvi's Dreadful Rot  Necr/Pois/Air  0%         N/A       83%         2
 Poisonous Vapours        Pois/Air       0%         N/A       83%         2
 Ignite Poison            Fire/Tmut/Pois 0%         N/A       96%         3
 Mephitic Cloud           Conj/Pois/Air  0%         N/A       96%         3
 Sticky Flame             Conj/Fire      0%         2d3       100%        4
 Freezing Cloud           Conj/Ice/Air   0%         6-21      100%        5
 Ignition                 Fire           0%         3d3       100%        8


Dungeon Overview and Level Annotations

Branches:
Dungeon (7/15)             Temple (0/1) D:5

Altars:
Cheibriados
Gozag
Kikubaaqudgha
Makhleb
Qazlal
Ru
Wu Jian

Shops:
D:1 (


Innate Abilities, Weirdness & Mutations

You are completely covered in rugged brown scales. (AC +3, +7% HP)
Armour fits poorly on your strangely shaped body.
You have a long armoured tail.
You roll when moving toward enemies. (Rampage)
Your long tongue fully drains potion bottles. (2x potion effects)
Your tongue gives you trouble enunciating. (1.5x scroll delay)


Message History

A troll comes into view.
Aiming: Fastroot
Press: ? - help, Shift-Dir - straight line, f - troll
Aim: a troll (wandering, hasn't noticed you)
The roots erupt in riotous growth!
Roots grab the troll.
The grasping roots constrict the troll!
The troll struggles to escape constriction.
The grasping roots constrict the troll!
The troll struggles to escape constriction.
Found 4 poisoned darts.
The grasping roots constrict the troll.
The roots release their grip on the troll.
You block the troll's attack. The troll claws you! The troll claws you.
You barely miss the troll.
The troll is heavily wounded.
The troll bites you! The troll claws you but does no damage.
The troll claws you!
You sock the troll!
The troll is severely wounded.
The troll bites you! You block the troll's attack. The troll claws you.
You are too injured to fight recklessly!
You are too injured to fight recklessly!
You are too injured to fight recklessly!
Hit: a) +0 flail
Press: ? - help, Dir - move target, f/p - troll
Aim: a troll (severely wounded, about 40% to evade your +0 flail)
You barely miss the troll.
Your tail-slap misses the troll.
The troll is severely wounded.
The troll bites you!
* * * LOW HITPOINT WARNING * * *
The troll barely misses you. The troll misses you.
Hit: a) +0 flail
Press: ? - help, Dir - move target, f/p - troll
Aim: a troll (heavily wounded, about 40% to evade your +0 flail)
You hit the troll.
The troll is severely wounded.
The troll bites you!
* * * LOW HITPOINT WARNING * * *
The troll completely misses you. The troll claws you!
You die...

#.#
#......(.
#.#
#...>....
#.#
#........
#.#
#........
#.#
#########
#.# #.#
#.# #@#
#?T.(...#
#######.#


You could see a troll.

Vanquished Creatures
  A kobold demonologist (D:6)
  A water moccasin (D:6)
  An orc warrior (D:6)
  2 ice beasts (D:6)
  An ogre (D:5)
  3 centaurs
  3 scorpions
  3 wights (D:7)
  A howler monkey (D:6)
  A hound (D:6)
  3 jellies
  3 orc priests
  2 iguanas
  3 iron imps (D:3)
  3 sleepcaps
  5 gnolls
  7 adders
  A shadow imp (D:6)
  2 white imps (D:6)
  An ufetubus (D:5)
  2 worms
  5 dart slugs
  19 orcs
  5 endoplasms
  2 giant cockroaches (D:4)
  8 goblins
  3 hobgoblins
  5 jackals
  7 kobolds
  3 quokkas
  10 ball pythons
  5 bats
  5 rats
126 creatures vanquished.

Notes
Turn   | Place    | Note
-------+----------+-------------------------------------------
     0 | D:1      | Graphine the Armataur Fighter began the quest for the Orb.
     0 | D:1      | Reached XP level 1. HP: 19/19 MP: 1/1
   143 | D:1      | Reached XP level 2. HP: 26/26 MP: 2/2
   301 | D:1      | Found Ilud's Antique Weapon Boutique.
   502 | D:1      | Found a faded altar of an unknown god.
   513 | D:1      | Prayed at the altar of an unknown god.
   513 | D:1      | Became a worshipper of Makhleb the Destroyer
   513 | D:1      | Reached * piety under Makhleb
  1038 | D:2      | Reached XP level 3. HP: 24/32 MP: 3/3
  1112 | D:2      | Reached skill level 1 in Invocations
  1112 | D:2      | Reached skill level 1 in Evocations
  1473 | D:2      | Reached XP level 4. HP: 40/40 MP: 4/4
  1515 | D:2      | Identified a scroll of acquirement
  1515 | D:2      | Acquired a manual of Invocations
  1565 | D:3      | Reached ** piety under Makhleb
  1620 | D:3      | Found a snail-covered altar of Cheibriados.
  1827 | D:3      | Found an ornate altar of the Wu Jian Council.
  1864 | D:3      | Identified the +2 sling of the Stoat {heavy, rF+ rN+
                  | Stlth-}
  1901 | D:3      | Found an ancient bone altar of Kikubaaqudgha.
  2231 | D:3      | Found a burning altar of Makhleb.
  2241 | D:3      | Reached skill level 2 in Invocations
  2241 | D:3      | Reached XP level 5. HP: 48/48 MP: 6/6
  3043 | D:4      | Reached XP level 6. HP: 38/54 MP: 8/8
  3046 | D:4      | Reached skill level 3 in Invocations
  3546 | D:5      | Entered Level 5 of the Dungeon
  3584 | D:5      | Reached *** piety under Makhleb
  3779 | D:1      | Bought a dazzling dire flail for 189 gold pieces
  3779 | D:1      | Identified the +6 dire flail of Articulation {antimagic,
                  | rF+} (You bought it in a shop on level 1 of the Dungeon)
  3923 | D:5      | Reached skill level 5 in Armour
  4068 | D:5      | Reached XP level 7. HP: 37/62 MP: 9/9
  4088 | D:5      | Reached skill level 4 in Invocations
  4408 | D:5      | Found a transporter.
  4509 | D:5      | Found a transporter.
  4561 | D:5      | Reached skill level 9 in Invocations
  4561 | D:5      | Reached XP level 8. HP: 75/75 MP: 10/15
  4561 | D:5      | Reached XP level 9. HP: 83/83 MP: 10/16
  4662 | D:5      | Found a staircase to the Ecumenical Temple.
  4943 | D:6      | Found an opulent altar of Gozag.
  5011 | D:6      | Found a stormy altar of Qazlal.
  5011 | D:6      | Found a sacrificial altar of Ru.
  5463 | D:6      | Noticed a kobold demonologist
  5473 | D:6      | Killed a kobold demonologist
  6164 | D:7      | Reached skill level 10 in Invocations
  6257 | D:7      | Noticed a troll
  6264 | D:7      | Slain by a troll

Illustrated notes

Levels and vault maps discovered:
D:1:      elethiomel_arrival_maze, layout_basic, serial_shops, shop,
          ebering_ecumenical_altar_hall, chequers_decorated_corner,
          grunt_decor_arrowhead
D:2:      layout_rooms
D:3:      layout_basic, overflow_temple_1_default, kiku_gazebo_pond_becter,
          demons_altar, nzn_wu_jian_contemplation
D:4:      layout_basic, hellmonk_no_cap
D:5:      gammafunk_cloud_chamber, layout_basic, temple_fountains
D:6:      layout_basic, gammafunk_temple_overflow_forgotten, minmay_manual_maat
D:7:      layout_basic, kennysheep_mini

Skill      XL: |  1  2  3  4  5  6  7  8  9 |
---------------+----------------------------+-----
Maces & Flails | 2 3 6 7 |  7.0
Armour         | 4 5 9 |  9.2
Fighting       | 3 6 7 |  7.1
Invocations    | 1 2 3 9 10 | 10.0
Evocations     | 1 2 7 |  7.4
Shields        | 4 8 |  8.5

Action                     |  1- 3 |  4- 6 |  7- 9 || total
---------------------------+-------+-------+-------++-------
  Melee: Flail             |    96 |   159 |   186 ||   441
         Tailslap          |     7 |    25 |    30 ||    62
   Fire: Sling             |       |    22 |       ||    22
  Evoke: Wand              |       |       |     1 ||     1
    Use: Scroll            |     4 |     6 |     5 ||    15
         Potion            |       |     2 |     3 ||     5
   Stab: Distracted        |       |     1 |       ||     1
 Armour: Scale mail        |    50 |    84 |    66 ||   200
  Dodge: Dodged            |    30 |    59 |    64 ||   153
  Block: Buckler           |    18 |    27 |    43 ||    88
